 Dungeon Crawl Stone Soup version 0.30-a0-118-ga018f8e90f (webtiles) character file.

Game seed: 16921746862437060440

16 DKerwin the Magician (level 2, 5/19 HPs)
             Began as a Human Hedge Wizard on Sept 13, 2022.
             Was a Follower of Fedhas.
             Quit the game on level 1 of the Dungeon.
             The game lasted 00:16:53 (485 turns).

DKerwin the Magician (Human Hedge Wizard)            Turns: 485, Time: 00:16:54

Health: 5/19       AC:  3    Str: 10    XL:     2   Next: 70%
Magic:  4/6        EV: 12    Int: 14    God:    Fedhas [*.....]
Gold:   0          SH:  0    Dex: 12    Spells: 7/8 levels left

rFire   . . .      SeeInvis .    a - +0 dagger
rCold   . . .      Faith    .    (no shield)
rNeg    . . .      Spirit   .    b - +0 robe
rPois   .          Reflect  .    c - +1 hat
rElec   .          Harm     .    (no cloak)
rCorr   .          Rampage  .    (no gloves)
Will    .....                    (no boots)
Stlth   ++........               (no amulet)
HPRegen 0.06/turn                (no ring)
MPRegen 0.10/turn                (no ring)

@: no status effects
A: no striking features
a: Renounce Religion


You were on level 1 of the Dungeon.
You worshipped Fedhas.
Fedhas was aware of your devotion.
You visited 1 branch of the dungeon, and saw 1 of its levels.

Inventory:

Hand Weapons
 a - a +0 dagger (weapon)
Armour
 b - a +0 robe (worn)
 c - a +1 hat (worn)


   Skills:
 + Level 2.0 Dodging
 + Level 2.0 Stealth
 + Level 3.6 Spellcasting
 + Level 1.0 Conjurations
 + Level 1.0 Summonings
 + Level 1.0 Translocations


You had 7 spell levels left.
You knew the following spells:

 Your Spells              Type           Power      Damage    Failure   Level
a - Magic Dart            Conj           20%        1d4       13%         1

Your spell library contained the following spells:

 Spells                   Type           Power      Damage    Failure   Level
 Slow                     Hex            8%         N/A       21%         1
 Blink                    Tloc           10%        N/A       21%         2
 Call Imp                 Summ           5%         N/A       21%         2
 Cigotuvi's Dreadful Rot  Necr/Pois/Air  4%         N/A       30%         2
 Mephitic Cloud           Conj/Pois/Air  3%         N/A       45%         3


Dungeon Overview and Level Annotations

Branches:
Dungeon (1/15)

Altars:
Fedhas


Message History

You are too injured to fight recklessly!
You are too injured to fight recklessly!
A nearby plant withers and dies.
The kobold misses you.
You walk carefully through the fungus.
The kobold completely misses the plant.
The kobold closely misses you.
The kobold hits the plant with a +0 dagger.
The plant begins to die.
The kobold hits the fungus with a +0 short sword.
The fungus begins to die.
The kobold completely misses the plant.
The kobold hits the plant with a +0 short sword.
The plant begins to die.
The kobold hits the plant with a +0 dagger.
The kobold hits the fungus with a +0 short sword.
The kobold hits the plant with a +0 dagger.
You walk carefully through the plants.
The kobold hits the plant with a +0 short sword.
The kobold hits the plant with a +0 dagger.
A nearby fungus withers and dies.
A nearby plant withers and dies. x2
The kobold hits you with a +0 short sword.
The kobold barely misses you. The kobold completely misses you.
The kobold misses you. The kobold attacks as you move away!
The kobold hits you with a +0 dagger. The kobold completely misses you.
The kobold hits you with a +0 dagger.
* * * LOW HITPOINT WARNING * * *
The kobold attacks as you move away! The kobold misses you.
The kobold attacks as you move away! The kobold closely misses you.
The kobold attacks as you move away!
The kobold hits you with a +0 short sword.
* * * LOW HITPOINT WARNING * * *
The kobold attacks as you move away! The kobold barely misses you.
The kobold attacks as you move away! The kobold misses you.
The kobold attacks as you move away! The kobold hits you but does no damage.
Unknown command.
Unknown command.
Unknown command.
Unknown command.
Unknown command.
Unknown command.
Are you sure you want to abandon this character and quit the game? (Confirm with "yes".)

###############
#(............#
#.###########.# #.#..
#.# # #.#.# #†# # #.#.#
#.# #########.#.#######
#.# ..............KK@>#
#.# ..........#.#####.#
#.# ###########.# #.#
#.# ##...÷÷.÷##.#####.#
#.# ##.÷..[...'.......#
#.#
##....÷÷÷########.###.#
##.<÷###>####.........#
##÷÷..÷..##......÷#####
##÷..÷..÷÷'.......#


You could see 2 kobolds.

Vanquished Creatures
  2 dart slugs (D:1)
  A bat (D:1)
  2 giant cockroaches (D:1)
  A hobgoblin (D:1)
  A quokka (D:1)
  A ball python (D:1)
  A frilled lizard (D:1)
  A kobold (D:1)
  2 rats (D:1)
12 creatures vanquished.

Vanquished Creatures (others)
  3 fungi (D:1)
  4 plants (D:1)
7 creatures vanquished.

Grand Total: 19 creatures vanquished

Notes
Turn   | Place    | Note
-------+----------+-------------------------------------------
     0 | D:1      | DKerwin the Human Hedge Wizard began the quest for the Orb.
     0 | D:1      | Reached XP level 1. HP: 13/13 MP: 4/4
   189 | D:1      | Reached XP level 2. HP: 3/19 MP: 3/6
   424 | D:1      | Found a faded altar of an unknown god.
   427 | D:1      | Prayed at the altar of an unknown god.
   427 | D:1      | Became a worshipper of Fedhas Madash
   427 | D:1      | Reached * piety under Fedhas
   485 | D:1      | Quit the game

Illustrated notes

Levels and vault maps discovered:
D:1:      heliophobic_arrival_battle_scene, layout_basic,
          shapermc_ecumenical_altar_mp_urbaneastern

Action                   || total
-------------------------++-------
Melee: Dagger            ||    29
 Cast: Magic Dart        ||    28
  Use: Scroll            ||     2
       Potion            ||     2
Armor: Robe              ||     6
Dodge: Dodged            ||    38

Table legend: (Time is in decaauts)
 A = Elapsed time spent in this place.
 B = Non-inter-level travel time spent in this place.
 C = Inter-level travel time spent in this place.
 D = Time resting spent in this place.
 E = Time spent auto-exploring this place.
 F = Levels seen in this place.
 G = Mean time per level.
                   A        B        C        D        E       F      G
               +--------+--------+--------+--------+--------+-----+--------+
         Total |    478 |    244 |    234 |      0 |      0 |   1 |  478.0 |
       Dungeon |    478 |    244 |    234 |      0 |      0 |   1 |  478.0 |
               +--------+--------+--------+--------+--------+-----+--------+

Top non-repeatable levels by time:
     D:1: 478 daAuts
